[Event "Titled Tuesday Blitz October 11 Late 2022"]
[White "Sanal, Vahap"]
[Black "Wieczorek, Oskar"]
[WhiteFideId "6300545"]
[BlackFideId "1133950"]
[WhiteElo "2574"]
[BlackElo "2404"]
[Result "1/2-1/2"]
[Round "07"]
[TimeControl "180+1"]
[Date "2022.10.11"]
[WhiteClock "0:00:18"]
[BlackClock "0:00:15"]

1. Nf3 Nf6 2. b3 g6 3. Bb2 Bg7 4. g3 d5 5. Bg2 b6 6. O-O Bb7 7. c4 dxc4 8. bxc4 c5 9. d3 O-O 10. Nbd2 Nc6 11. a3 Qd7 12. Qc2 Rad8 13. h4 Rfe8 14. Ng5 h6 15. Ngf3 Nh5 16. Bxg7 Nxg7 17. Ne4 Nf5 18. Qd2 Kh7 19. h5 Ncd4 20. hxg6+ fxg6 21. Nxd4 Nxd4 22. Rae1 Kg7 23. Qf4 Qf5 24. Qc1 h5 25. a4 Rh8 26. Qg5 Qxg5 27. Nxg5 Bxg2 28. Kxg2 Kf6 29. Ne4+ Ke6 30. a5 Rb8 31. Ra1 h4 32. axb6 axb6 33. e3 Nc2 34. Ra7 hxg3 35. Kxg3 Nb4 36. Ng5+ Kf6 37. Ne4+ Ke6 38. d4 cxd4 39. exd4 Nc6 40. d5+ Ke5 41. dxc6 Kxe4 42. Rxe7+ Kd4 43. Rd1+ Kxc4 44. Rd6 Kc5 45. Rxg6 Rbg8 46. Re6 Rxg6+ 47. Rxg6 b5 48. c7 Rc8 49. Rg7 b4 50. Kf3 b3 51. Ke2 b2 52. Rg1 Rxc7 53. Rb1 Rb7 54. Kd3 Kd5 55. Kc2 Ke4 56. Rxb2 Rxb2+ 57. Kxb2 Kf3 58. Kc2 Kxf2 1/2-1/2


[Site "https://www.chess.com"]

[Event "Titled Tuesday Blitz October 11 Late 2022"]
[White "Sargsyan, Anna M."]
[Black "Reshetnikov, Alexey"]
[WhiteFideId "13308130"]
[BlackFideId "4162080"]
[WhiteElo "2284"]
[BlackElo "2502"]
[Result "0-1"]
[Round "07"]
[TimeControl "180+1"]
[Date "2022.10.11"]
[WhiteClock "0:00:01"]
[BlackClock "0:00:23"]

1. d4 d5 2. c4 c6 3. Nf3 Nf6 4. Nc3 dxc4 5. a4 e6 6. Bg5 Bb4 7. e3 Nbd7 8. Bxc4 Qa5 9. O-O Bxc3 10. bxc3 Ne4 11. Bf4 Qxc3 12. Bd3 Nef6 13. Bd6 Qa5 14. e4 Qd8 15. e5 Nd5 16. Nd2 Qh4 17. Ne4 f5 18. g3 Qh6 19. Nd2 Kf7 20. Qf3 Qxd2 21. Bxf5 exf5 22. Qxf5+ N7f6 23. Qf3 Rd8 24. Rad1 Bg4 25. Qb3 Bxd1 26. Rxd1 Qc3 27. Qxb7+ Nd7 28. Bc5 Kg8 0-1


[Site "https://www.chess.com"]

[Event "Titled Tuesday Blitz October 11 Late 2022"]
[White "Shaik Sumer Arsh"]
[Black "Romero Ruscalleda, Josep"]
[WhiteFideId "45020000"]
[BlackFideId "2231859"]
[WhiteElo "2190"]
[BlackElo "2371"]
[Result "1-0"]
[Round "07"]
[TimeControl "180+1"]
[Date "2022.10.12"]
[WhiteClock "0:00:47"]
[BlackClock "0:00:17"]

1. d4 g6 2. c4 Bg7 3. Nc3 d6 4. e4 e5 5. d5 Ne7 6. Be2 O-O 7. h4 f5 8. h5 Nd7 9. hxg6 Nxg6 10. exf5 Rxf5 11. Bd3 Rf7 12. Rxh7 Ndf8 13. Qh5 Qf6 14. Ne4 Qf5 15. Qxf5 Bxf5 16. Rh2 Nf4 17. Bb1 c6 18. Nxd6 Bxb1 19. Nxf7 Be4 20. f3 Bd3 21. Nh6+ Bxh6 22. Rxh6 Nxg2+ 23. Kf2 Nf4 24. Bxf4 exf4 25. Ne2 Bxc4 26. dxc6 bxc6 27. Nxf4 Rd8 28. Rxc6 Bb5 29. Rg1+ Kf7 30. Rc7+ Kf6 31. Rc5 Rd2+ 32. Ke3 Rxb2 33. Nd5+ Ke5 34. Nc3+ Kd6 35. Rxb5 1-0


[Site "https://www.chess.com"]

[Event "Titled Tuesday Blitz October 11 Late 2022"]
[White "Shapiro, Daniel"]
[Black "Evdokimov, Alexey"]
[WhiteFideId "2001780"]
[BlackFideId "24162450"]
[WhiteElo "2220"]
[BlackElo "2154"]
[Result "0-1"]
[Round "07"]
[TimeControl "180+1"]
[Date "2022.10.12"]
[WhiteClock "0:00:01"]
[BlackClock "0:00:05"]

1. d4 Nf6 2. c4 g6 3. Nc3 Bg7 4. e4 d6 5. Be2 O-O 6. Nf3 c5 7. d5 e6 8. O-O exd5 9. cxd5 Re8 10. Qc2 Na6 11. h3 Nb4 12. Qb1 Nxe4 13. Nxe4 Bf5 14. Nfd2 Qe7 15. Bf3 Nxd5 16. a3 Nf4 17. Nc4 Nxh3+ 18. gxh3 d5 19. Ncd2 dxe4 20. Bg4 e3 21. Bxf5 exd2 22. Bxd2 gxf5 23. Qxf5 Bxb2 24. Rab1 Bd4 25. Kh1 Qe4+ 26. Qxe4 Rxe4 27. Rxb7 Kf8 28. Rg1 Rh4 29. Rg3 Bxf2 30. Rf3 Bd4 31. Bg5 Re4 32. Bh6+ Ke8 33. Rg3 Re1+ 34. Kg2 Rg1+ 35. Kf3 Rxg3+ 36. Kxg3 Rd8 37. Rxa7 Rd6 38. Bf4 Rg6+ 39. Kf3 h5 40. a4 c4 41. Rc7 c3 42. a5 Ra6 43. Rc4 Bf6 44. Bc7 Kd7 45. Bb6 Ra8 46. Ke4 Bg7 47. Kd3 Ra6 48. Kc2 Be5 49. Rc5 f6 50. Rd5+ Kc6 51. Rc5+ Kd6 52. Rc4 Kd5 53. Rc5+ Kd6 54. Rc4 Ra8 55. Kb3 Kd5 56. Rc5+ Kd6 57. Rc4 f5 58. Bc7+ Kd5 59. Bxe5 Kxe5 60. Ra4 Rc8 61. Kc2 Kd5 62. a6 Kc5 63. a7 Ra8 64. Kxc3 Kb5 0-1


[Site "https://www.chess.com"]

[Event "Titled Tuesday Blitz October 11 Late 2022"]
[White "Sohal, Tanraj"]
[Black "Ismagilov, Damir"]
[WhiteFideId "2608499"]
[BlackFideId "34199982"]
[WhiteElo "2509"]
[BlackElo "2677"]
[Result "1/2-1/2"]
[Round "07"]
[TimeControl "180+1"]
[Date "2022.10.12"]
[WhiteClock "0:01:17"]
[BlackClock "0:00:31"]

1. d4 Nf6 2. Nf3 b6 3. g3 e6 4. Bg2 d5 5. O-O Be7 6. Nbd2 O-O 7. Ne5 Bb7 8. Ndf3 c5 9. c3 Nfd7 10. Bf4 Nc6 11. Nxd7 Qxd7 12. Qd2 b5 13. h4 b4 14. Ne5 Nxe5 15. Bxe5 f6 16. Bf4 bxc3 17. bxc3 Bd6 18. Rab1 Bxf4 19. Qxf4 Ba6 20. Rfe1 Bc4 21. e4 Bxa2 22. Ra1 Bc4 23. exd5 Bxd5 24. Bxd5 exd5 25. dxc5 a5 26. Red1 Rfc8 27. Qd4 Qc6 28. Qxd5+ Qxd5 29. Rxd5 a4 30. Ra3 Ra5 31. Rd4 Rcxc5 32. Raxa4 Rxa4 33. Rxa4 Rxc3 34. Ra8+ Kf7 35. Ra7+ Kg6 36. Kg2 h6 37. Ra6 Rb3 1/2-1/2


[Site "https://www.chess.com"]

[Event "Titled Tuesday Blitz October 11 Late 2022"]
[White "Svane, Rasmus"]
[Black "Sarana, Alexey"]
[WhiteFideId "4657101"]
[BlackFideId "24133795"]
[WhiteElo "2674"]
[BlackElo "2689"]
[Result "1-0"]
[Round "07"]
[TimeControl "180+1"]
[Date "2022.10.11"]
[WhiteClock "0:00:06"]
[BlackClock "0:00:03"]

1. Nf3 d5 2. g3 g6 3. Bg2 Bg7 4. d4 c6 5. O-O Nf6 6. c4 dxc4 7. a4 O-O 8. Na3 Be6 9. Ng5 Bd5 10. e4 h6 11. exd5 hxg5 12. dxc6 Nxc6 13. Bxg5 Nxd4 14. Nxc4 Rc8 15. Rc1 Qd7 16. Re1 Rfd8 17. Ne5 Qf5 18. Rxc8 Qxc8 19. Qb1 Qc5 20. b4 Qc3 21. h4 Nh7 22. Bxe7 Re8 23. Nxf7 Nf5 24. Rc1 Qd2 25. Bg5 Nxg5 26. Nxg5 Bd4 27. Rf1 Bxf2+ 28. Kh2 Bxg3+ 29. Kh1 Bc7 30. Qb3+ Kh8 31. Ne4 Qh6 32. Qh3 Rxe4 33. Bxe4 Ng3+ 34. Kg2 Qd2+ 35. Rf2 Qd8 36. Qg4 Qe8 37. Bf3 Nf5 38. Re2 Qf7 39. Be4 Nd4 40. Bxg6 Qf6 41. Rf2 Qe5 42. Qh5+ Qxh5 43. Bxh5 Ne6 44. Rf7 Bb6 45. Bg4 Nd4 46. Rxb7 Nc2 47. a5 Bd4 48. b5 Ne3+ 49. Kf3 Nc4 50. b6 axb6 51. a6 b5 52. a7 Ne5+ 53. Kf4 Ng6+ 54. Kg5 Bxa7 55. Kxg6 1-0


[Site "https://www.chess.com"]

[Event "Titled Tuesday Blitz October 11 Late 2022"]
[White "Taboas Rodriguez, Daniel"]
[Black "Gonzalez, Francisco Silva"]
[WhiteFideId "2208466"]
[BlackFideId "1512285"]
[WhiteElo "2429"]
[BlackElo "2159"]
[Result "1-0"]
[Round "07"]
[TimeControl "180+1"]
[Date "2022.10.12"]
[WhiteClock "0:00:48"]
[BlackClock "0:01:52"]

1. d4 Nf6 2. Nf3 d5 3. c4 e6 4. Bg5 c6 5. e3 Bd6 6. Nc3 Nbd7 7. Bd3 h6 8. Bh4 dxc4 9. Bxc4 Qc7 10. O-O e5 11. dxe5 Nxe5 12. Bxf6 Nxc4 13. Bxg7 Rg8 14. Qd4 b5 15. Ne4 Be7 16. Rad1 Bg4 17. Ne5 Rxg7 18. Nxc4 Rg6 19. Qh8+ Bf8 20. Ncd6+ Ke7 21. Qe5+ Re6 22. Nf5+ Ke8 23. Qxc7 Rxe4 24. Qd7# 1-0


[Site "https://www.chess.com"]

[Event "Titled Tuesday Blitz October 11 Late 2022"]
[White "Tan, Ralph"]
[Black "Hoffmann, Asa"]
[WhiteFideId "30966590"]
[BlackFideId "2001470"]
[WhiteElo "2059"]
[BlackElo "2117"]
[Result "1-0"]
[Round "07"]
[TimeControl "180+1"]
[Date "2022.10.12"]
[WhiteClock "0:00:28"]
[BlackClock "0:00:34"]

1. Nf3 d6 2. d4 Bg4 3. g3 Bxf3 4. exf3 c6 5. Bg2 e6 6. O-O g6 7. c4 Bg7 8. Nc3 d5 9. cxd5 cxd5 10. Bf4 a6 11. Rc1 Nc6 12. Qb3 Nxd4 13. Qxb7 Ne7 14. Rfe1 O-O 15. Na4 Nb5 16. Nb6 Nf5 17. Nxa8 Qxa8 18. Qxa8 Rxa8 19. Be5 Bf8 20. a4 Na7 21. Rc7 Nc8 22. Rec1 Ncd6 23. b3 Rb8 24. Bf1 Rxb3 25. Bxa6 Rxf3 26. Ra7 h5 27. Ra8 Ra3 28. Bf1 d4 29. h3 d3 30. g4 hxg4 31. hxg4 d2 32. Rd1 Nh4 33. Rxf8+ Kxf8 34. Bxd6+ Kg7 35. Bxa3 Nf3+ 36. Kg2 Ne1+ 37. Kg3 1-0


[Site "https://www.chess.com"]

[Event "Titled Tuesday Blitz October 11 Late 2022"]
[White "Tarasova, Viktoriya"]
[Black "Aarav Dengla"]
[WhiteFideId "4175840"]
[BlackFideId "45059756"]
[WhiteElo "2405"]
[BlackElo "2467"]
[Result "0-1"]
[Round "07"]
[TimeControl "180+1"]
[Date "2022.10.12"]
[WhiteClock "0:00:01"]
[BlackClock "0:00:10"]

1. d4 d5 2. c4 c6 3. Nf3 Nf6 4. Nc3 e6 5. Bg5 h6 6. Bxf6 Qxf6 7. e3 Nd7 8. Be2 Bd6 9. O-O O-O 10. e4 dxe4 11. Nxe4 Qe7 12. Nxd6 Qxd6 13. c5 Qc7 14. Re1 b6 15. Qc2 Nf6 16. Ne5 Bb7 17. Bf3 Rac8 18. b4 Rfd8 19. Red1 Nd5 20. Bxd5 Rxd5 21. Qc3 Rcd8 22. Rd2 bxc5 23. bxc5 Ba6 24. Rad1 Bb5 25. h3 f6 26. Nf3 Rb8 27. Re1 Qc8 28. Qe3 Bc4 29. Rc2 Ba6 30. Qxe6+ Qxe6 31. Rxe6 Rb1+ 32. Kh2 Bb5 33. Re7 a5 34. Kg3 a4 35. Rc3 Rb2 36. a3 Ra2 37. Rce3 Rb2 38. Rc7 Rb3 39. Ree7 Rg5+ 40. Kh2 Rg6 41. Nh4 Rg5 42. Nf3 Rg6 43. h4 h5 44. Rc8+ Kh7 45. Ree8 Rh6 46. Rh8+ Kg6 47. d5 cxd5 48. Rxh6+ Kxh6 49. c6 Rc3 50. c7 Kg6 51. Nd4 Bd7 52. Ra8 Rxc7 53. Ra5 Rc4 54. Nf3 Bg4 55. Rxd5 Bxf3 56. gxf3 Rxh4+ 57. Kg3 Rc4 58. Rd3 h4+ 59. Kh3 Kh5 60. Rd5+ g5 61. Rd8 Rc3 62. Rh8+ Kg6 63. Kg2 Rxa3 64. Rg8+ Kf5 65. Rb8 Ra1 66. Rb5+ Kg6 67. Rb4 a3 68. Ra4 a2 69. Ra6 h3+ 70. Kh2 Kh5 71. Ra7 f5 72. Ra5 g4 73. Rxf5+ Kg6 74. Ra5 gxf3 75. Ra6+ Kf5 76. Ra8 Ke4 77. Re8+ Kd3 78. Re3+ Kd2 79. Ra3 Ke2 0-1


[Site "https://www.chess.com"]

[Event "Titled Tuesday Blitz October 11 Late 2022"]
[White "Tarnowska, Aleksandra"]
[Black "Dardha, Arben"]
[WhiteFideId "1180967"]
[BlackFideId "4700481"]
[WhiteElo "1776"]
[BlackElo "2196"]
[Result "0-1"]
[Round "07"]
[TimeControl "180+1"]
[Date "2022.10.12"]
[WhiteClock "0:00:01"]
[BlackClock "0:01:12"]

1. e4 c5 2. Nf3 Nc6 3. Bb5 g6 4. O-O Bg7 5. Re1 e5 6. c3 Nf6 7. d3 d6 8. h3 O-O 9. Nbd2 Be6 10. Nf1 h6 11. Ng3 Kh7 12. Be3 a6 13. Ba4 b5 14. Bc2 Rc8 15. Rc1 Ne7 16. Bb1 g5 17. d4 cxd4 18. cxd4 Rxc1 19. Bxc1 g4 20. hxg4 Bxg4 21. dxe5 dxe5 22. Qxd8 Rxd8 23. Nxe5 Be6 24. Nf3 Ng4 25. e5+ Kg8 26. Ne4 Nxe5 27. Nxe5 Bxe5 28. Bxh6 Bxb2 29. Bg5 Re8 30. Bf6 Ba3 31. Be5 Rc8 32. Nf6+ Kf8 33. Be4 Rc1 34. Rxc1 Bxc1 35. Bb7 a5 36. Nh7+ Ke8 37. Nf6+ Kd8 38. f3 Be3+ 39. Kf1 b4 40. Ke1 Bc4 41. Be4 Bc5 42. Ng4 Bxa2 43. Bf6 Be6 44. Ne5 Ke8 45. Nd3 Bd6 46. Bb7 Nd5 47. Bc6+ Kf8 0-1


[Site "https://www.chess.com"]

[Event "Titled Tuesday Blitz October 11 Late 2022"]
[White "Tayar, Jonathan"]
[Black "Suder, Jakub"]
[WhiteFideId "2606534"]
[BlackFideId "1195310"]
[WhiteElo "2643"]
[BlackElo "2582"]
[Result "0-1"]
[Round "07"]
[TimeControl "180+1"]
[Date "2022.10.12"]
[WhiteClock "0:00:07"]
[BlackClock "0:00:33"]

1. e4 c5 2. Nf3 e6 3. d4 cxd4 4. Nxd4 Nc6 5. Be3 Nf6 6. Nc3 Bb4 7. Bd3 d5 8. exd5 Nxd5 9. Nxc6 bxc6 10. Bd2 Nxc3 11. Qg4 Nxa2 12. Bxb4 Nxb4 13. Qxb4 Qe7 14. Qe4 Bb7 15. O-O g6 16. Ra5 O-O 17. Qe5 Rfd8 18. Be4 f6 19. Qc3 e5 20. Bd3 Kg7 21. Rfa1 a6 22. h4 Rd5 23. R5a4 Qc5 24. Rc4 Qd6 25. h5 Rd4 26. Raa4 Rxc4 27. Rxc4 Rd8 28. Rg4 Bc8 29. Rg3 e4 30. Bf1 Be6 31. hxg6 hxg6 32. Qe3 Qe5 33. Bxa6 Rd1+ 34. Kh2 Qh5+ 35. Rh3 Bxh3 36. gxh3 Qf3 37. Qxf3 exf3 38. Kg3 Rd2 39. Bd3 f5 40. Kxf3 Kf6 41. Ke3 Rd1 42. Kd4 Ke7 43. b4 Kd6 44. c4 Rh1 45. c5+ Kd7 46. Ke5 Rxh3 47. b5 Rxd3 48. bxc6+ Kxc6 49. Kf6 Kxc5 0-1


[Site "https://www.chess.com"]

[Event "Titled Tuesday Blitz October 11 Late 2022"]
[White "Thomforde-Toates, Noah"]
[Black "Besedes, Danilo"]
[WhiteFideId "30951992"]
[BlackFideId "946796"]
[WhiteElo "2685"]
[BlackElo "2535"]
[Result "1-0"]
[Round "07"]
[TimeControl "180+1"]
[Date "2022.10.12"]
[WhiteClock "0:00:11"]
[BlackClock "0:00:01"]

1. e4 e6 2. d4 d5 3. Nd2 dxe4 4. Nxe4 Nd7 5. Nf3 Ngf6 6. Nxf6+ Nxf6 7. Bd3 c5 8. dxc5 Bxc5 9. O-O O-O 10. Qe2 Qc7 11. Bg5 Be7 12. Rad1 Bd7 13. Bxf6 Bxf6 14. Bxh7+ Kxh7 15. Qd3+ Kg8 16. Qxd7 Qxc2 17. Qxb7 Qxb2 18. Qxb2 Bxb2 19. Rd7 Rfd8 20. Rfd1 Rxd7 21. Rxd7 Bf6 22. g4 g5 23. Kg2 Kg7 24. Rb7 Kg6 25. Kg3 a5 26. a4 Bc3 27. Rb5 f6 28. h4 gxh4+ 29. Nxh4+ Kh6 30. Rb6 Re8 31. f4 Be1+ 32. Kh3 Bxh4 33. Kxh4 Kg6 34. Ra6 e5 35. f5+ Kg7 36. Ra7+ Kg8 37. g5 e4 38. gxf6 Rc8 39. Re7 Rc4 40. Kg5 Kf8 41. Kg6 e3 42. Rxe3 Rg4+ 43. Kh5 Rxa4 44. Kg5 Ra1 45. Re7 a4 46. Ra7 a3 47. f7 Kg7 48. f8=Q+ Kxf8 49. Kf6 Ke8 50. Ra8+ Kd7 51. Kf7 a2 52. f6 Kd6 53. Ra5 Kd7 54. Rd5+ Kc6 55. Rd2 Kc7 56. Rf2 Kd7 57. Kf8 Ke6 58. f7 Kd6 59. Rd2+ Ke6 60. Ke8 1-0


[Site "https://www.chess.com"]

[Event "Titled Tuesday Blitz October 11 Late 2022"]
[White "Tomaszewski, Kacper"]
[Black "Erdogdu, Mert"]
[WhiteFideId "1127373"]
[BlackFideId "6301495"]
[WhiteElo "2211"]
[BlackElo "2413"]
[Result "0-1"]
[Round "07"]
[TimeControl "180+1"]
[Date "2022.10.11"]
[WhiteClock "0:00:03"]
[BlackClock "0:00:23"]

1. d4 d5 2. c4 e6 3. Nc3 c5 4. cxd5 exd5 5. Nf3 Nc6 6. Bf4 Nf6 7. e3 c4 8. Be2 Bb4 9. O-O Bf5 10. Ne5 O-O 11. Qc1 h6 12. b3 Qa5 13. Na4 Rac8 14. Nf3 b5 15. a3 Be7 16. Nc5 Bxc5 17. dxc5 cxb3 18. Bd6 Rfe8 19. Qb2 Bc2 20. Rfc1 Ne4 21. Ne1 d4 22. Nxc2 bxc2 23. Rxc2 dxe3 24. fxe3 a6 25. Bf3 Qd8 26. Rd1 Qg5 27. Bf4 Qg6 28. a4 b4 29. a5 Ng5 30. Bg4 f5 31. Rd6 Re6 32. Qb3 Nxa5 33. Rxe6 Nxe6 34. Qd5 fxg4 35. Rc1 Kh7 36. c6 Nxc6 37. Rxc6 Rxc6 38. Qxc6 Nxf4 0-1


[Site "https://www.chess.com"]

[Event "Titled Tuesday Blitz October 11 Late 2022"]
[White "Toncheva, Nadya"]
[Black "Sowul, Bartosz"]
[WhiteFideId "2924056"]
[BlackFideId "1137590"]
[WhiteElo "2101"]
[BlackElo "2188"]
[Result "0-1"]
[Round "07"]
[TimeControl "180+1"]
[Date "2022.10.12"]
[WhiteClock "0:00:04"]
[BlackClock "0:00:10"]

1. e4 c5 2. Nf3 d6 3. d4 cxd4 4. Nxd4 Nf6 5. Nc3 Nc6 6. Bg5 g6 7. Bxf6 exf6 8. Bc4 Bg7 9. Ndb5 O-O 10. O-O f5 11. Nxd6 Be5 12. Ndb5 a6 13. Na3 fxe4 14. Bd5 Bf5 15. Nc4 Bc7 16. Bxe4 Bxe4 17. Nxe4 Qh4 18. Ncd6 Rad8 19. Qd2 Rfe8 20. Rfe1 Re6 21. Rad1 Bxd6 22. Nxd6 Rexd6 23. Re8+ Rxe8 24. Qxd6 Qe7 25. Qd2 Qe2 26. h3 Qxd2 27. Rxd2 Re1+ 28. Kh2 Ra1 29. a3 Rb1 30. c3 Re1 31. Kg3 Re7 32. Kf3 Kg7 33. g3 h5 34. b4 Ne5+ 35. Kg2 Nc4 36. Rd4 Nxa3 37. c4 Rc7 38. c5 Nb5 39. Re4 Kf6 40. Kf3 Nc3 41. Re8 Nd5 42. Re4 Re7 43. Rd4 Nc7 44. g4 hxg4+ 45. hxg4 Ne6 46. Rd6 Rc7 47. Ke4 Ke7 48. f4 Rd7 49. Rb6 Nd8 50. f5 gxf5+ 51. gxf5 f6 52. Kf4 Nc6 53. Ke4 Rd4+ 54. Ke3 Rxb4 55. Kd3 Rxb6 56. cxb6 Kd6 57. Kc4 Ke5 0-1


[Site "https://www.chess.com"]

[Event "Titled Tuesday Blitz October 11 Late 2022"]
[White "Urazayev, Arystanbek"]
[Black "Pinheiro, Iung Alicio de O."]
[WhiteFideId "13709810"]
[BlackFideId "2104350"]
[WhiteElo "2441"]
[BlackElo "2283"]
[Result "1-0"]
[Round "07"]
[TimeControl "180+1"]
[Date "2022.10.11"]
[WhiteClock "0:00:36"]
[BlackClock "0:00:04"]

1. d4 Nf6 2. c4 Nc6 3. e3 e5 4. Nc3 Bb4 5. Nf3 exd4 6. exd4 d5 7. Bd3 O-O 8. O-O Bg4 9. Be3 dxc4 10. Bxc4 Bd6 11. h3 Bh5 12. d5 Ne5 13. Be2 Re8 14. Nxe5 Bxe2 15. Nxf7 Bxd1 16. Nxd8 Bh5 17. Nxb7 Be5 18. Nc5 Rab8 19. N5a4 Red8 20. Rfe1 Bxc3 21. Nxc3 Rxb2 22. Bxa7 Nxd5 23. Nxd5 Rxd5 24. Re7 Ra5 25. Rxg7+ Kf8 26. Rxc7 Raxa2 27. Rxa2 Rxa2 28. Rxh7 Bg6 29. Rc7 Ke8 30. Be3 Kd8 31. Rg7 Be4 32. g4 Ra1+ 33. Kh2 Rh1+ 34. Kg3 Bd3 35. h4 Be2 36. Kf4 Ke8 37. h5 Kf8 38. Ra7 Rg1 39. f3 Rf1 40. Bc5+ Kg8 41. Ra3 Rc1 42. Bd6 Rd1 43. Be5 Rf1 44. g5 Rh1 45. g6 1-0


[Site "https://www.chess.com"]

[Event "Titled Tuesday Blitz October 11 Late 2022"]
[White "Urbina Perez, Juan Antonio"]
[Black "Barash, Anton"]
[WhiteFideId "2217368"]
[BlackFideId "30935229"]
[WhiteElo "2197"]
[BlackElo "2287"]
[Result "1-0"]
[Round "07"]
[TimeControl "180+1"]
[Date "2022.10.12"]
[WhiteClock "0:00:33"]
[BlackClock "0:00:03"]

1. Nf3 Nf6 2. e3 g6 3. b3 Bg7 4. Bb2 O-O 5. c4 d6 6. h4 Bg4 7. Be2 e5 8. Ng5 Bxe2 9. Qxe2 h5 10. Nc3 Nc6 11. O-O-O a5 12. f3 Qd7 13. g4 hxg4 14. h5 gxf3 15. Qxf3 Qg4 16. Qxg4 Nxg4 17. h6 Bxh6 18. Rdg1 Bxg5 19. Rxg4 Bf6 20. Nd5 Kg7 21. Nxc7 Rh8 22. Rf1 Rac8 23. Nd5 Bd8 24. d4 f6 25. c5 Nb4 26. Nxb4 axb4 27. Kb1 exd4 28. exd4 Be7 29. cxd6 Bxd6 30. d5 Be5 31. Bxe5 fxe5 32. Rxb4 Rc7 33. Rb6 Rh2 34. Rc1 Rd7 35. d6 Rd2 36. Rc7 Rxd6 37. Rbxb7 Rxc7 38. Rxc7+ Kf6 39. a4 g5 40. Kc2 g4 41. a5 g3 42. Rc3 Rd5 43. b4 Rd4 44. Kb3 g2 45. Rg3 Rd3+ 46. Rxd3 g1=Q 47. Rc3 Qb1+ 48. Kc4 e4 49. Kb5 Qe1 50. Rc6+ Ke5 51. a6 Qf1+ 52. Kb6 e3 53. Rc5+ Kd4 54. a7 Qa1 55. Ra5 1-0


[Site "https://www.chess.com"]

[Event "Titled Tuesday Blitz October 11 Late 2022"]
[White "Vazquez, Guillermo"]
[Black "Zeynalli, Rashad"]
[WhiteFideId "3702308"]
[BlackFideId "13403320"]
[WhiteElo "2543"]
[BlackElo "2125"]
[Result "1-0"]
[Round "07"]
[TimeControl "180+1"]
[Date "2022.10.11"]
[WhiteClock "0:00:50"]
[BlackClock "0:00:04"]

1. b3 Nf6 2. Bb2 e6 3. Nf3 Be7 4. g4 O-O 5. g5 Ne4 6. h4 d5 7. d3 Nd6 8. c4 c5 9. e3 Nc6 10. Qc2 Nf5 11. cxd5 exd5 12. a3 Re8 13. Nbd2 Be6 14. O-O-O Qa5 15. Kb1 Rac8 16. Bh3 c4 17. dxc4 Bxa3 18. Bxf5 Nb4 19. Bxh7+ Kh8 20. Bc3 dxc4 21. Nxc4 Rxc4 22. bxc4 Bxc4 23. Bxg7+ Kxg7 24. Qxc4 Re6 25. Rd7 Qb6 26. Qd4+ Kxh7 27. Rxf7+ Kg6 28. Rg7+ Kf5 29. Qf4# 1-0


[Site "https://www.chess.com"]

[Event "Titled Tuesday Blitz October 11 Late 2022"]
[White "Vega Gutierrez, Sabrina"]
[Black "Korchmar, Vasiliy"]
[WhiteFideId "2219026"]
[BlackFideId "24131750"]
[WhiteElo "2261"]
[BlackElo "2370"]
[Result "0-1"]
[Round "07"]
[TimeControl "180+1"]
[Date "2022.10.12"]
[WhiteClock "0:00:10"]
[BlackClock "0:00:55"]

1. e4 c5 2. Nf3 d6 3. d4 cxd4 4. Qxd4 Nc6 5. Bb5 a6 6. Bxc6+ bxc6 7. O-O e5 8. Qd3 Nf6 9. Rd1 Be7 10. Nbd2 O-O 11. Nc4 Qc7 12. Ne3 Be6 13. c4 Nh5 14. g3 g6 15. Nc2 f5 16. Ng5 Bxg5 17. Bxg5 fxe4 18. Qxd6 Qf7 19. Qxe5 Qxf2+ 20. Kh1 Bh3 21. Qxe4 Rae8 22. Qxc6 Re2 23. Qd5+ Be6 0-1


[Site "https://www.chess.com"]

[Event "Titled Tuesday Blitz October 11 Late 2022"]
[White "Vivas Zamora, Fabian Ernesto"]
[Black "Preotu, Razvan"]
[WhiteFideId "3902480"]
[BlackFideId "2613280"]
[WhiteElo "2236"]
[BlackElo "2407"]
[Result "0-1"]
[Round "07"]
[TimeControl "180+1"]
[Date "2022.10.12"]
[WhiteClock "0:00:01"]
[BlackClock "0:01:03"]

1. e4 c5 2. Nc3 d6 3. d4 cxd4 4. Qxd4 Nc6 5. Qd2 g6 6. b3 Bh6 7. f4 Nf6 8. Bb2 O-O 9. O-O-O e5 10. g3 Re8 11. Kb1 Nd4 12. Qf2 Bg7 13. Nge2 Bg4 14. Bg2 Rc8 15. Rd2 Qa5 16. Rhd1 b5 17. h3 b4 18. hxg4 bxc3 19. Bxc3 Rxc3 20. Nxc3 Qxc3 21. Rd3 Nxg4 22. Qg1 Qxc2+ 0-1


[Site "https://www.chess.com"]

[Event "Titled Tuesday Blitz October 11 Late 2022"]
[White "Vujcic, Milena"]
[Black "Haszon, David"]
[WhiteFideId "954748"]
[BlackFideId "733610"]
[WhiteElo "1931"]
[BlackElo "2211"]
[Result "0-1"]
[Round "07"]
[TimeControl "180+1"]
[Date "2022.10.12"]
[WhiteClock "0:00:48"]
[BlackClock "0:01:06"]

1. e4 c5 2. Nf3 Nc6 3. d4 cxd4 4. Nxd4 e5 5. Nb5 a6 6. Nd6+ Bxd6 7. Qxd6 Qf6 8. Qd1 Qg6 9. Nc3 d5 10. Nxd5 Qxe4+ 11. Be3 Nd4 12. Nc7+ Ke7 13. Nxa8 Nxc2+ 14. Kd2 Nxe3 15. fxe3 Nf6 16. Bd3 Rd8 17. Kc2 Qc6+ 18. Kb1 e4 19. Qb3 exd3 20. Rc1 d2 21. Rxc6 Bf5+ 0-1


[Site "https://www.chess.com"]

[Event "Titled Tuesday Blitz October 11 Late 2022"]
[White "Wadsworth, Matthew J"]
[Black "Bilych, Olexiy"]
[WhiteFideId "415804"]
[BlackFideId "14156504"]
[WhiteElo "2367"]
[BlackElo "2320"]
[Result "1-0"]
[Round "07"]
[TimeControl "180+1"]
[Date "2022.10.11"]
[WhiteClock "0:00:14"]
[BlackClock "0:00:06"]

1. c4 e5 2. g3 Nf6 3. Bg2 d5 4. cxd5 Nxd5 5. Nc3 Nb6 6. Nf3 Nc6 7. O-O Be7 8. a3 O-O 9. b4 Re8 10. d3 Nd4 11. Nd2 c6 12. e3 Nf5 13. Nf3 Bf8 14. Bb2 a5 15. b5 cxb5 16. Nxb5 Bd7 17. a4 f6 18. d4 e4 19. Nd2 Bxb5 20. axb5 Nd6 21. Ba3 f5 22. Qb3+ Kh8 23. Bc5 Nd7 24. b6 Nxc5 25. dxc5 Nc8 26. c6 Nxb6 27. cxb7 Ra7 28. Nc4 Nxc4 29. Qxc4 Rxb7 30. Rfd1 Qb6 31. Qd5 g6 32. Rxa5 Bg7 33. Bf1 Rbb8 34. Rb5 Qc7 35. Rc5 Qe7 36. Rdc1 Rbd8 37. Qa2 Ra8 38. Qc4 Rad8 39. Rc7 Rd7 40. Rc8 Rxc8 41. Qxc8+ Rd8 42. Qc7 Qxc7 43. Rxc7 h5 44. Kg2 Kh7 45. h3 Kh6 46. g4 hxg4 47. hxg4 fxg4 48. Be2 Kg5 49. Rxg7 Rd2 50. Bf1 Rb2 51. Rf7 Ra2 52. Rf4 Ra4 53. Be2 g3 54. Kxg3 Ra2 55. Rg4+ Kf5 56. Rf4+ Ke5 57. Bf1 g5 58. Rg4 Kf5 59. Bg2 Ra4 60. Rxe4 Rxe4 61. Bxe4+ Kxe4 62. Kg4 Kd3 63. Kxg5 Ke2 1-0


[Site "https://www.chess.com"]

[Event "Titled Tuesday Blitz October 11 Late 2022"]
[White "Yano, William Jorge Froes"]
[Black "Burke, Paul"]
[WhiteFideId "2112949"]
[BlackFideId "2605767"]
[WhiteElo "2122"]
[BlackElo "1892"]
[Result "1-0"]
[Round "07"]
[TimeControl "180+1"]
[Date "2022.10.12"]
[WhiteClock "0:01:34"]
[BlackClock "0:01:24"]

1. e4 e5 2. Nc3 Nc6 3. Bc4 Nf6 4. d3 Be7 5. Nge2 O-O 6. a3 a6 7. Be3 h6 8. Qd2 Re8 9. h3 b5 10. Ba2 b4 11. Nd5 Nxd5 12. Bxd5 Rb8 13. O-O Nd4 14. Nxd4 exd4 15. Bxd4 c5 16. Be3 bxa3 17. bxa3 d6 18. Rab1 Qc7 19. Rxb8 Qxb8 20. Bxh6 gxh6 21. Qxh6 Bf8 22. Qg6+ Bg7 23. Qxf7+ Kh7 24. Qxe8 Qc7 25. Qh5+ Bh6 26. Qf7+ Qxf7 27. Bxf7 Kg7 28. Bc4 Bd2 29. Rb1 a5 30. Rb8 1-0


[Site "https://www.chess.com"]

[Event "Titled Tuesday Blitz October 11 Late 2022"]
[White "Yuan, Qingyu"]
[Black "O`Gorman, Tom"]
[WhiteFideId "8609772"]
[BlackFideId "2508249"]
[WhiteElo "2359"]
[BlackElo "2271"]
[Result "0-1"]
[Round "07"]
[TimeControl "180+1"]
[Date "2022.10.11"]
[WhiteClock "0:00:06"]
[BlackClock "0:01:38"]

1. d4 Nf6 2. Bf4 d5 3. e3 c5 4. c3 Nc6 5. Nf3 e6 6. Nbd2 cxd4 7. exd4 Nh5 8. Bg5 f6 9. Be3 Bd6 10. Bd3 Nf4 11. Bxf4 Bxf4 12. Qe2 O-O 13. O-O Bc7 14. Rfe1 e5 15. dxe5 fxe5 16. Bc2 e4 17. Nd4 Ne5 18. Nxe4 dxe4 19. Qxe4 Ng6 20. Rad1 Qf6 21. Nf3 Bb6 22. a4 Bf5 23. Qd5+ Kh8 24. Bb3 Bg4 25. a5 Bxf3 26. gxf3 Nf4 27. Qd6 Qg5+ 0-1


[Site "https://www.chess.com"]